 Dungeon Crawl Stone Soup version 0.20-a0-731-gecde0bf (webtiles) character file.

132854 Gorglomux the Severer (level 16, -33/155 HPs)
             Began as a Yellow Draconian Berserker on Feb 22, 2017.
             Was an Elder of Trog.
             Killed from afar by Frances (36 damage)
             ... with an iron shot
             ... on level 14 of the Dungeon.
             The game lasted 01:00:05 (21186 turns).

Gorglomux the Severer (Yellow Draconian Berserker) Turns: 21186, Time: 01:00:06

Health: -33/155    AC: 16    Str: 22    XL:     16   Next: 58%
Magic:  6/6        EV: 24    Int:  8    God:    Trog [****..]
Gold:   2041       SH:  0    Dex: 18    Spells: 15/15 levels left

rFire    . . .     SeeInvis .   b - +5 battleaxe (antimagic) {god gift}
rCold    . . .     Gourm    +   (armour unavailable)
rNeg     . . .     Faith    .   (shield currently unavailable)
rPois    .         Spirit   .   m - +2 hat
rElec    +         Reflect  .   H - +2 cloak
rCorr    +         Harm     .   v - +0 pair of gloves
MR       +++..                  D - +0 pair of boots
Stlth    ++........             c - amulet "Kuojazety" {Gourm rElec Slay+6}
Regen    1.4/turn               n - +3 ring of dexterity
MPRegen  0.1/turn               S - +2 ring of evasion

@: lethally poisoned (-33 -> -34), exhausted, short of breath, very slightly
contaminated, regenerating, slowed, very slow
A: spit acid, acid resistance, unfitting armour, acidic bite, cold-blooded, AC
+9
a: Breathe Acid, Berserk, Trog's Hand, Brothers in Arms, Burn Spellbooks,
Renounce Religion


You were on level 14 of the Dungeon.
You worshipped Trog.
Trog was greatly pleased with you.
You were near starving.

You visited 2 branches of the dungeon, and saw 20 of its levels.
You also visited: Ossuary, Bailey and Ice Cave.

You collected 2041 gold pieces.

Inventory:

Hand Weapons
 a - a +6 battleaxe of chopping {god gift}
 b - a +5 antimagic battleaxe (weapon) {god gift}
Missiles
 l - 21 tomahawks of returning (quivered)
 Z - 3 throwing nets
Armour
 m - a +2 hat (worn)
 v - a +0 pair of gloves (worn)
 D - a +0 pair of boots (worn)
 H - a +2 cloak (worn)
Jewellery
 c - the amulet "Kuojazety" (around neck) {Gourm rElec Slay+6}
   (You found it in a bailey)

   [amulet of the gourmand]

   It allows you to eat raw meat even when not hungry.
   It affects your accuracy and damage with ranged weapons and melee attacks
   (+6).
   It insulates you from electricity.
 f - an uncursed ring of protection from fire
 n - a +3 ring of dexterity (right hand)
 p - an uncursed amulet of faith
 S - a +2 ring of evasion (left hand)
Wands
 y - a wand of paralysis (6/24)
 A - a wand of acid (9/15)
 I - a wand of iceblast (8/15)
 L - a wand of lightning (10/15)
Scrolls
 d - 7 scrolls of remove curse
 h - a scroll of acquirement {unknown}
 o - 2 scrolls of fog
 u - a scroll of vulnerability
 x - a scroll of immolation
 z - a scroll of torment {unknown}
 B - 5 scrolls of blinking
 M - 4 scrolls of recharging
 O - a scroll of fear {unknown}
 T - 2 scrolls of teleportation
 W - a scroll of magic mapping {unknown}
Potions
 e - 4 potions of curing
 g - 5 potions of might
 j - 5 potions of heal wounds
 k - 2 potions of agility
 q - a potion of berserk rage
 r - a potion of cancellation
 s - 5 potions of flight
 w - a potion of invisibility
 E - 4 potions of haste
 F - 3 potions of lignification
 G - a potion of ambrosia
 N - 3 potions of mutation
 Q - 4 potions of brilliance
 X - 3 potions of magic
Miscellaneous
 U - a box of beasts
 V - a phantom mirror
 Y - a lamp of fire
Comestibles
 i - 14 meat rations
 C - 2 chunks of flesh
 J - 5 royal jellies
 K - 25 fruits
 P - 16 bread rations


   Skills:
 + Level 17.1 Fighting
 + Level 18.2 Axes
 - Level 3.3 Throwing
 - Level 12.1 Dodging
 - Level 3.7 Evocations


You had 15 spell levels left.
You didn't know any spells.

Dungeon Overview and Level Annotations

Branches:
Dungeon (14/15)            Temple (0/1) D:7            Lair (6/6) D:8
  Swamp (0/4) Lair:3       Spider (0/4) Lair:4        Slime (0/5) Lair:5
    Orc (0/2) D:11         Vaults (0/5) D:13

Altars:
Ashenzari
Elyvilon
Fedhas
Makhleb
Nemelex Xobeh
Sif Muna
Uskayaw
Vehumet
Xom
Zin

Shops:
D:8 (   D:12 }

Portals:
Hell: Lair:6

Annotations:
D:14 Frances


Innate Abilities, Weirdness & Mutations

You can spit globs of acid.
You are resistant to acid.
Your golden yellow scales are hard. (AC +9)
You cannot fit into any form of body armour.
You have acidic saliva.
You are cold-blooded and may be slowed by cold attacks.


Message History

Frances is heavily wounded.
Frances is splashed with acid.
You feel somewhat more hungry.
You feel sick.
Frances hits you with a dire flail of crushing!
* * * LOW HITPOINT WARNING * * *
x2 The red devil misses you.
Frances mutters in a terrible tongue.
The iron shot misses you.
You fail to use your ability.
You feel sick. Frances barely misses you. The red devil misses you.
Frances completely misses you.
Your two-headed ogre goes berserk!
You are near starving!
You feel sick.
Frances hits you with a dire flail of crushing!!
* * * LOW HITPOINT WARNING * * *
x2 The orange demon closely misses you.
Frances completely misses you.
You feel the effects of Trog's Hand fading.
You feel sick.
Frances whispers indecipherable words.
The iron shot hits you!
You die...

# ≈.≈.≈.≈.≈.≈.≈.≈# #.
...............# ..
..≈.≈.≈.≈.≈.≈.## #
#...####43#.###...
#.#..#####4##.######.
#.................
### ##..##.#..#.#####
..# .###..#.###4..#
..# ........@#†3###
..#### ########.@###
.[...###### #O####
.###......### #....#
#...........# ####.##
..###.......# #...#
#.# #.......# #...#
#.# #.......# #...# #
#.# ###...#.# #...#
.#


You could see Frances and a friendly two-headed ogre (berserk).

Vanquished Creatures
  Gastronok (Lair:1)
  A frost giant (IceCv)
  Josephine (D:12)
  13 hydras
  Harold (D:11)
  A centaur warrior (D:13)
  8 two-headed ogres
  4 tengu warriors
  7 death yaks (Lair:6)
  The ghost of nht the Slicer, a journeyman HaAs of Okawaru (IceCv)
  Urug (D:11)
  5 skeletal warriors (D:11)
  2 unseen horrors
  A sixfirhy (Lair:6)
  2 wizards (D:13)
  Pikel (D:7)
  A deep elf mage (D:10)
  2 ugly things (D:13)
  2 wolf spiders (Lair:1)
  2 cyclopes
  17 elephants
  2 rust devils (D:7)
  4 black mambas (Lair:6)
  3 ice statues (IceCv)
  A gargoyle (D:13)
  3 orange demons (Lair:6)
  A torpor snail (Lair:3)
  5 kobold demonologists
  12 spiny frogs
  7 komodo dragons
  An efreet (D:11)
  7 rime drakes
  An ice devil (Lair:6)
  A hellwing (Lair:6)
  6 trolls
  6 jumping spiders (Lair:4)
  The ghost of Laphicet the Slasher, an amateur DrBe of Trog (D:4)
  14 polar bears (IceCv)
  A red devil (Lair:6)
  A tengu conjurer (D:13)
  2 hornets
  3 slime creatures (D:12)
  10 hippogriffs
  3 blink frogs (Lair:1)
  Prince Ribbit (D:7)
  Sigmund (D:2)
  A shadow (D:13)
  A spriggan (Lair:3)
  3 redbacks (Lair:4)
  A centaur simulacrum (D:11)
  A basilisk (Lair:6)
  4 wyverns
  43 yaks
  11 wraiths
  A hungry ghost (D:12)
  3 vampire mosquitoes (D:12)
  13 water moccasins
  13 porcupines
  Duvessa (D:7)
  A hell hound (Lair:6)
  3 slaves (D:7)
  4 ogres
  A swamp drake (Lair:4)
  4 ice beasts
  7 orc warriors
  5 sky beasts
  2 black bears
  4 phantoms
  A necrophage (D:7)
  15 wolves
  The ghost of Yehuk the Covered, an amateur DsFi of Makhleb (D:3)
  13 centaurs
  22 crocodiles
  2 elf zombies
  4 big kobolds
  20 bullfrogs
  A gnoll sergeant (D:11)
  Dowan (D:7)
  7 scorpions
  A wyvern skeleton (D:11)
  8 killer bees
  12 wights
  5 howler monkeys
  An electric eel (Lair:3)
  5 crimson imps
  3 centaur zombies
  2 bullfrog zombies
  3 quasits
  16 jellies
  4 centaur skeletons
  6 hounds
  17 orc priests
  5 iguanas
  10 orc wizards
  Jessica (D:3)
  12 worker ants
  Natasha (thrice) (D:3)
  A hound zombie (D:10)
  2 hound skeletons
  2 mummies (Ossuary)
  Robin (D:2)
  11 gnolls
  2 howler monkey skeletons
  16 adders
  3 shadow imps
  3 worms
  4 dart slugs
  9 leopard geckos
  68 orcs
  3 ball pythons
  11 giant cockroaches
  A gnoll zombie (Ossuary)
  10 hobgoblins
  6 jackals
  21 kobolds
  3 quokkas
  10 bats
  8 frilled lizards
  20 goblins
  A goblin zombie (Ossuary)
  6 hobgoblin zombies (Ossuary)
  A jackal zombie (D:7)
  A leopard gecko skeleton (D:5)
  4 orc zombies (Ossuary)
  4 rats
  6 fungi
  5 plants
742 creatures vanquished.

Vanquished Creatures (collateral kills)
  An orc warlord (Bailey)
  Snorg (Lair:6)
  The ghost of Ijustatesigmund the Thaumaturge, a novice DEWz of Ashenzari (Bailey)
  A wizard (Lair:6)
  An ice devil (Lair:6)
  2 hell hounds (Lair:6)
  2 goblins (Bailey)
9 creatures vanquished.

Vanquished Creatures (others)
  A slave (D:7)
  A crocodile (Lair:4)
  2 iguanas (Lair:4)
  2 orcs (D:9)
  3 fungi
  3 plants
12 creatures vanquished.

Grand Total: 763 creatures vanquished

Notes
Turn   | Place    | Note
-------+----------+-------------------------------------------
     0 | D:1      | Gorglomux the Draconian Berserker began the quest for the Orb.
     0 | D:1      | Reached XP level 1. HP: 19/19 MP: 1/1
   102 | D:1      | Reached XP level 2. HP: 15/26 MP: 2/2
   394 | D:1      | Reached skill level 4 in Axes
   533 | D:1      | Reached XP level 3. HP: 24/31 MP: 3/3
   887 | D:2      | Reached ** piety under Trog
   889 | D:2      | Reached skill level 5 in Axes
   889 | D:2      | Reached XP level 4. HP: 38/38 MP: 4/4
   965 | D:2      | Noticed Sigmund
   975 | D:2      | Killed Sigmund
   975 | D:2      | Reached skill level 6 in Axes
   975 | D:2      | Reached XP level 5. HP: 45/45 MP: 5/5
  1199 | D:2      | Noticed Robin
  1207 | D:2      | Reached XP level 6. HP: 51/51 MP: 6/6
  1210 | D:2      | Killed Robin
  1282 | D:2      | Reached skill level 7 in Axes
  1516 | D:2      | Found a sparkling altar of Nemelex Xobeh.
  1861 | D:3      | Noticed Yehuk's ghost (amateur DsFi)
  1869 | D:3      | Killed Yehuk's ghost
  1873 | D:3      | Noticed Jessica
  1927 | D:3      | Killed Jessica
  1976 | D:3      | Noticed a water moccasin
  1981 | D:3      | Killed a water moccasin
  1981 | D:3      | Reached skill level 8 in Axes
  1981 | D:3      | Your scales start taking on a golden yellow colour.
  1981 | D:3      | Reached XP level 7. HP: 57/57 MP: 7/7
  2004 | D:3      | Found a deep blue altar of Sif Muna.
  2115 | D:3      | Found a sparkling altar of Nemelex Xobeh.
  2150 | D:3      | Noticed Natasha
  2153 | D:3      | Killed Natasha
  2272 | D:3      | Reached *** piety under Trog
  2355 | D:3      | Noticed Natasha
  2368 | D:3      | Killed Natasha
  2626 | D:3      | Noticed Natasha
  2632 | D:3      | Killed Natasha
  2826 | D:4      | Noticed Laphicet's ghost (amateur DrBe)
  2841 | D:4      | Killed Laphicet's ghost
  2841 | D:4      | Reached skill level 9 in Axes
  2891 | D:4      | Found a glowing silver altar of Zin.
  3147 | D:4      | Found a blossoming altar of Fedhas.
  3152 | D:4      | Reached XP level 8. HP: 63/63 MP: 8/8
  3177 | D:4      | Found a shattered altar of Ashenzari.
  3534 | D:5      | Entered Level 5 of the Dungeon
  3655 | D:5      | Reached skill level 10 in Axes
  3665 | D:5      | Found a shimmering altar of Xom.
  4136 | D:5      | Found a radiant altar of Vehumet.
  4581 | D:6      | Reached **** piety under Trog
  4599 | D:6      | Found a sand-covered staircase.
  4626 | D:6      | Reached skill level 11 in Axes
  4882 | Ossuary  | Entered an ossuary
  5402 | D:6      | Reached XP level 9. HP: 70/70 MP: 9/9
  5476 | D:6      | Reached skill level 12 in Axes
  5684 | D:6      | Reached ***** piety under Trog
  5798 | D:7      | Noticed Pikel
  5812 | D:7      | Killed Pikel
  5815 | D:7      | Reached skill level 13 in Axes
  5973 | D:7      | Found a staircase to the Ecumenical Temple.
  5976 | D:7      | Noticed Prince Ribbit
  5990 | D:7      | Killed Prince Ribbit
  6288 | D:7      | Noticed Duvessa
  6289 | D:7      | Noticed Dowan
  6295 | D:7      | Killed Duvessa
  6296 | D:7      | Killed Dowan
  6296 | D:7      | Reached skill level 14 in Axes
  6671 | D:7      | Reached XP level 10. HP: 77/77 MP: 10/10
  6922 | D:8      | Found a staircase to the Lair.
  6986 | D:8      | Received a gift from Trog
  7212 | D:8      | Found Wudera's Weapon Emporium.
  7224 | D:8      | Noticed a two-headed ogre
  7225 | D:8      | Reached skill level 6 in Fighting
  7235 | D:8      | Killed a two-headed ogre
  7502 | D:8      | Found a white marble altar of Elyvilon.
  7523 | D:8      | Found a hide-covered altar of Uskayaw.
  7753 | D:9      | Noticed a two-headed ogre
  7763 | D:9      | Killed a two-headed ogre
  7763 | D:9      | Reached skill level 9 in Fighting
  8012 | D:7      | Noticed a rust devil
  8012 | D:7      | Noticed a rust devil
  8021 | D:7      | Killed a rust devil
  8023 | D:7      | Killed a rust devil
  8079 | D:9      | Paralysed by a hornet for 3 turns
  8082 | D:9      | Reached XP level 11. HP: 56/100 MP: 11/11
  8414 | D:9      | Reached skill level 3 in Dodging
  8662 | D:9      | Received a gift from Trog
  8719 | D:10     | Entered Level 10 of the Dungeon
  8866 | D:10     | Noticed a deep elf mage
  8873 | D:10     | Killed a deep elf mage
  9239 | D:10     | Reached skill level 6 in Dodging
  9298 | D:10     | Killed an unseen horror
  9662 | D:11     | Noticed a four-headed hydra
  9725 | Lair:1   | Entered Level 1 of the Lair of Beasts
  9743 | Lair:1   | Found a frozen archway.
  9783 | IceCv    | Entered an ice cave
 10099 | IceCv    | Reached skill level 9 in Dodging
 10419 | IceCv    | Reached XP level 12. HP: 109/109 MP: 12/12
 10628 | IceCv    | Noticed a frost giant
 10629 | IceCv    | Noticed nht's ghost (journeyman HaAs)
 10637 | IceCv    | Killed nht's ghost
 10643 | IceCv    | Killed a frost giant
 11161 | Lair:1   | Noticed Gastronok
 11183 | Lair:1   | Killed Gastronok
 11261 | Lair:1   | Reached skill level 12 in Dodging
 11402 | Lair:1   | Noticed a four-headed hydra
 11410 | Lair:1   | Killed a six-headed hydra
 11871 | Lair:1   | Paralysed by a hornet for 3 turns
 12372 | Lair:2   | Noticed a seven-headed hydra
 12377 | Lair:2   | Killed a nine-headed hydra
 12377 | Lair:2   | Reached XP level 13. HP: 117/117 MP: 13/13
 12638 | Lair:2   | Reached skill level 12 in Fighting
 13352 | Lair:3   | Reached skill level 15 in Axes
 13468 | Lair:3   | Found a staircase to the Swamp.
 14504 | Lair:4   | Reached ****** piety under Trog
 14608 | Lair:4   | Found a hole to the Spider Nest.
 14964 | Lair:4   | Received a gift from Trog
 15198 | Lair:4   | Got a transparent war axe
 15199 | Lair:4   | Identified the +9 war axe of Charity {pain, rC- rN++ Str+3 Int+3} (You found it on level 4 of the Lair of Beasts)
 15449 | Lair:4   | Gained mutation: You have acidic saliva. [Yellow Draconian growth]
 15449 | Lair:4   | Reached XP level 14. HP: 120/132 MP: 14/14
 15664 | Lair:5   | Found a staircase to the Slime Pits.
 15667 | Lair:5   | Reached skill level 16 in Axes
 15720 | Lair:5   | Received a gift from Trog
 16191 | Lair:6   | Entered Level 6 of the Lair of Beasts
 16943 | Lair:6   | Reached skill level 15 in Fighting
 17229 | Lair:6   | Noticed Snorg
 17236 | Lair:6   | Killed Snorg
 17241 | Lair:6   | Found a burning altar of Makhleb.
 17256 | Lair:6   | Reached skill level 17 in Axes
 17301 | Lair:6   | Found a gateway to Hell.
 17754 | D:11     | Found a staircase to the Orcish Mines.
 17773 | D:11     | Received a gift from Trog
 17825 | D:11     | Noticed Harold
 17833 | D:11     | Killed Harold
 17966 | D:11     | Noticed Urug
 17975 | D:11     | Killed Urug
 18096 | D:11     | Reached XP level 15. HP: 94/144 MP: 15/15
 18826 | D:12     | Noticed Josephine
 18830 | D:12     | Killed Josephine
 18835 | D:12     | Received a gift from Trog
 19094 | D:12     | Found Pivout's Gadget Emporium.
 20020 | D:13     | Reached skill level 18 in Axes
 20200 | D:13     | Found a gate to the Vaults.
 20202 | D:13     | Received a gift from Trog
 20637 | D:14     | Found a flagged portal.
 20703 | Bailey   | Entered a bailey
 20709 | Bailey   | Noticed an orc warlord
 20709 | Bailey   | Noticed Ijustatesigmund's ghost (novice DEWz)
 20834 | Bailey   | Found a runed gate.
 20834 | Bailey   | Found a runed gate.
 20834 | Bailey   | Found a runed gate.
 21037 | Bailey   | Killed Ijustatesigmund's ghost
 21042 | Bailey   | Killed an orc warlord
 21075 | Bailey   | Reached skill level 3 in Throwing
 21075 | Bailey   | Reached skill level 3 in Evocations
 21075 | Bailey   | Reached XP level 16. HP: 153/155 MP: 6/18
 21080 | Bailey   | Got a transparent jade amulet
 21082 | Bailey   | Identified the amulet "Kuojazety" {Gourm rElec Slay+6} (You found it in a bailey)
 21162 | D:14     | Noticed Frances
 21185 | D:14     | HP: 6/155 [Frances/dire flail of crushing (34)]
 21185 | D:14     | HP: 2/155 [Frances/dire flail of crushing (4)]
 21186 | D:14     | Killed from afar by Frances

Vault maps used:
D:1:      dpeg_arrival_brainrot
D:2:      first_bread, serial_bayou_lagoon_a, nemelex_diamond_rough_becter,
          uniq_sigmund, uniq_robin
D:3:      lemuel_round_altar, nemelex_xobeh_ov_fountains_minmay,
          minmay_ruptured, uniq_natasha, uniq_jessica
D:4:      old_standard_altar, kennysheep_little_box,
          fedhas_bush_and_centaur_altar
D:5:      xom_teletrap_fun, lemuel_crystal_altar, kennysheep_generic_room_8
D:6:      nicolae_ossuary_entry_monument
D:7:      cheibrodos_iron_armory, minmay_temple_entry_statues_pillars,
          serial_column_ruins, column_ruins_hut_pillars,
          column_ruins_open_small, column_ruins_grid_2, column_ruins_open_small,
          column_ruins_open_small, uniq_prince_ribbit1, uniq_pikel, uniq_duvessa
D:8:      kennysheep_mini, lair_entry_dummy, basic_altar, serial_shops, shop
D:11:     david_orc_3, uniq_harold, uniq_urug
D:12:     serial_shops, shop, grunt_tengu_nest, uniq_josephine
D:13:     david_vaults_1
D:14:     enter_bailey_2, kennysheep_crisscross,
          lemuel_mausoleum_altar_yredelemnul, uniq_frances
Lair:1:   minmay_lair_venomous_thicket, portal_ice_cave_rime,
          lemuel_fruit_fields, uniq_gastronok
Lair:2:   minmay_holes, beast_lair_carwin_2
Lair:3:   swamp_mist_pool, grunt_forest_large_clearing_hut
Lair:4:   lemuel_reptile_caves, nicolae_spider_entry_tight_spaces,
          lemuel_fruit_fields
Lair:5:   minmay_slime_entry_jelly_boxes
Lair:6:   evil_forest, serial_bayou_shore_b, uniq_snorg
Ossuary:  minmay_ossuary_gauntlet
Bailey:   bailey_axe_bossmonster_kennysheep, bailey
IceCv:    ice_cave_small_giant

Skill      XL: |  1  2  3  4  5  6  7  8  9 10 11 12 13 14 15 |
---------------+----------------------------------------------+-----
Axes           | 4 5 6 8 9 11 14 15 17 18 | 18.2
Fighting       | 10 11 14 16 17 | 17.1
Dodging        | 9 12 | 12.1
Throwing       | 3 |  3.3
Evocations     | 3 |  3.7

Action                   |  1- 3 |  4- 6 |  7- 9 | 10-12 | 13-15 | 16-18 || total
-------------------------+-------+-------+-------+-------+-------+-------++-------
Melee: Hand axe          |    77 |    98 |   360 |    83 |       |       ||   618
       Tailslap          |     8 |    15 |    55 |    88 |   157 |     3 ||   326
       Battleaxe         |       |       |       |   359 |   844 |    21 ||  1224
       Bite              |       |       |       |       |    85 |     4 ||    89
Throw: Tomahawk          |       |       |       |       |    16 |       ||    16
Invok: Berserk           |     3 |     4 |     4 |    19 |    22 |     1 ||    53
       Trog's Hand       |       |     1 |     4 |    14 |    10 |     1 ||    30
       Burn Spellbooks   |       |       |       |     1 |     2 |       ||     3
       Brothers in Arms  |       |       |       |       |     2 |     1 ||     3
 Abil: Breathe Acid      |       |       |    44 |    16 |    17 |     1 ||    78
Evoke: Wand              |       |       |       |     6 |     3 |       ||     9
       Lamp of fire      |       |       |       |     1 |     1 |       ||     2
  Use: Scroll            |       |     3 |     9 |     8 |    17 |     1 ||    38
       Potion            |       |       |       |     4 |     1 |       ||     5
 Stab: Sleeping          |       |     4 |     1 |     4 |       |       ||     9
       Paralysed         |       |       |       |     2 |       |       ||     2
       Confused          |       |       |       |       |     1 |       ||     1
  Eat: Chunk             |     2 |     7 |    29 |    40 |    49 |       ||   127
       Royal jelly       |       |       |       |     2 |     3 |       ||     5
       Fruit             |       |       |       |     1 |     4 |       ||     5
Armor: Skin              |    26 |    28 |    83 |   145 |   227 |    10 ||   519
Dodge: Dodged            |    56 |    57 |   205 |   389 |   851 |    32 ||  1590
